 Dungeon Crawl Stone Soup version 0.27.1-1-g398f81649c (webtiles) character file.

Game seed: 5660599387471930532

63 Rickety the Sneak (level 3, -4/17 HPs)
             Began as a Spriggan Enchanter on Sept 16, 2021.
             Slain by an iguana (13 damage)
             ... on level 4 of the Dungeon.
             The game lasted 00:03:05 (2102 turns).

Rickety the Sneak (Spriggan Enchanter)              Turns: 2102, Time: 00:03:06

Health: -4/17      AC:  2    Str:  4    XL:     3   Next: 87%
Magic:  3/8        EV: 18    Int: 16    God:
Gold:   26         SH:  0    Dex: 22    Spells: 5/8 levels left

rFire    . . .     SeeInvis +   e - +2 dagger (flame)
rCold    . . .     Faith    .   (shield restricted)
rNeg     . . .     Spirit   .   b - +0 robe
rPois    .         Reflect  .   (helmet restricted)
rElec    .         Harm     .   i - scarf {shadows}
rCorr    .         Rampage  .   (gloves unavailable)
Will     .....                  (boots unavailable)
Stlth    ++++......             (no amulet)
HPRegen  0.05/turn              d - +6 ring of dexterity
MPRegen  0.11/turn              (no ring)

@: very quick
A: very small, no large weapons, unfitting armour, see invisible, speed 3
a: no special abilities


You were on level 4 of the Dungeon.
You visited 1 branch of the dungeon, and saw 3 of its levels.

You collected 26 gold pieces.

Inventory:

Hand Weapons
 a - a +1 dagger
 e - a +2 dagger of flaming (weapon)
Missiles
 j - 3 poisoned darts
Armour
 b - a +0 robe (worn)
 f - a +0 buckler
 i - a scarf of shadows (worn)
Jewellery
 d - a +6 ring of dexterity (left hand)
Wands
 h - a wand of digging (5)
Scrolls
 c - a scroll of immolation
 g - a scroll of noise {unknown}
Potions
 k - a potion of brilliance {unknown}


   Skills:
 + Level 0.5 Fighting
 + Level 1.8 Short Blades
 + Level 3.0 Dodging
 * Level 5.9 Stealth
 + Level 3.0 Spellcasting
 + Level 3.8 Hexes
 + Level 0.4 Ice Magic


You had 5 spell levels left.
You knew the following spells:

 Your Spells              Type           Power      Damage    Failure   Level
a - Corona                Hex            15%        N/A       3%          1
b - Ensorcelled Hibernat  Hex/Ice        18%        N/A       12%         2

Your spell library contained the following spells:

 Spells                   Type           Power      Damage    Failure   Level
 Confusing Touch          Hex            14%        N/A       12%         3
 Tukima's Dance           Hex            14%        N/A       12%         3
 Dazzling Flash           Conj/Hex       16%        N/A       26%         3


Dungeon Overview and Level Annotations

Branches:
Dungeon (2/15)

Altars:


Innate Abilities, Weirdness & Mutations

You are very small and have problems with some larger weapons.
You are too small for most types of armour.
You have supernaturally acute eyesight. (SInv)
You cover ground extremely quickly. (Speed+++)


Message History

You hit the orc. You burn the orc.
The orc is heavily wounded.
The orc completely misses you.
Casting: Ensorcelled Hibernation (safe; 12% risk of failure)
Confirm with . or Enter, or press ? or * to list all spells.
Aiming: Ensorcelled Hibernation (safe; 12% risk of failure)
Press: ? - help, Shift-Dir - straight line, f - orc
Aim: an orc, wielding a +0 club (heavily wounded, chance to affect: 58%)
The orc resists with significant effort.
The orc completely misses you.
An ogre comes into view. It is wielding a +0 giant club.
Casting: Ensorcelled Hibernation (safe; 12% risk of failure)
Confirm with . or Enter, or press ? or * to list all spells.
Aiming: Ensorcelled Hibernation (safe; 12% risk of failure)
Press: ? - help, Shift-Dir - straight line, f/p - orc
Aim: an orc, wielding a +0 club (heavily wounded, chance to affect: 58%)
The orc looks drowsy...
The helpless orc fails to defend itself.
You impale the orc!! You burn the orc.
You kill the orc!
An orc comes into view. It is wielding a +0 mace.
Casting: Ensorcelled Hibernation (safe; 12% risk of failure)
Confirm with . or Enter, or press ? or * to list all spells.
Aiming: Ensorcelled Hibernation (safe; 12% risk of failure)
Press: ? - help, Shift-Dir - straight line, f - ogre
Aim: an ogre, wielding a +0 giant club (chance to affect: 40%)
You miscast Ensorcelled Hibernation.
You are very lightly contaminated with residual magic.
Nothing appears to happen.
The iguana hisses angrily.
Your magical contamination has completely faded away.
An iguana comes into view.
You see here 29 sling bullets.
You see here a quokka corpse.
A ball python comes into view.
You see here 29 sling bullets.
The ball python hisses angrily.
You hear a shout!
The iguana bites you! x2
Ouch! That really hurt!
You die...

#..............#.#
........O........#
#####.##.###....#
#)##.# #O.#.#
#O##.# #..#.#
#.##.###.†#.#
#.##.##.(.#.#
.$.S.....##.#
#.##.#.@l##.# #
#l..##.# .........
..........#
........####
........#
..#.##.##


You could see an ogre, 2 iguanas and a ball python.

Vanquished Creatures
  3 adders
  2 worms (D:2)
  A dart slug (D:1)
  An orc (D:4)
  2 endoplasms
  A giant cockroach (D:4)
  2 goblins (D:1)
  A hobgoblin (D:1)
  3 quokkas
  3 ball pythons
  2 bats (D:1)
  3 frilled lizards
  2 kobolds (D:1)
  4 rats
30 creatures vanquished.

Notes
Turn   | Place    | Note
-------+----------+-------------------------------------------
     0 | D:1      | Rickety the Spriggan Enchanter began the quest for the Orb.
     0 | D:1      | Reached XP level 1. HP: 9/9 MP: 5/5
   593 | D:1      | Reached XP level 2. HP: 13/13 MP: 4/6
   596 | D:1      | Learned a level 2 spell: Ensorcelled Hibernation
   625 | D:1      | Reached skill level 5 in Stealth
   809 | D:1      | Found a faded altar of an unknown god.
  1615 | D:2      | Reached XP level 3. HP: 14/16 MP: 0/8
  1972 | D:2      | You fall into a shaft and drop 2 floors!
  2082 | D:4      | Noticed an ogre
  2102 | D:4      | Slain by an iguana

Illustrated notes

Levels and vault maps discovered:
D:1:      dpeg_arrival_simpleton_c, layout_loops_corners,
          hellmonk_ecumenical_altar_blasted, grunt_decor_clamped
D:2:      layout_loops_corners, grunt_decor_cap
D:4:      layout_loops_ring, minmay_temple_entry_antechambers

Skill      XL: |  1  2  3 |
---------------+----------+-----
Stealth        | 5 |  5.9
Dodging        | 3 |  3.0
Spellcasting   | 3 |  3.0
Fighting       | |  0.5
Short Blades   | |  1.8
Hexes          | |  3.8
Ice Magic      | |  0.4

Action                   || total
-------------------------++-------
Melee: Dagger            ||    90
 Cast: Corona            ||     4
       Ensorcelled Hiber ||    16
 Stab: Sleeping          ||    16
Armor: Robe              ||     9
Dodge: Dodged            ||    73
